 Dungeon Crawl Stone Soup version 0.30.0-15-g856e2d3f33 (webtiles) character file.

Game seed: 1798123429728241484

190 qw the Chopper (level 5, -11/33 HPs)
             Began as a Gargoyle Cinder Acolyte on May 18, 2023.
             Was an Elder of Ignis.
             Mangled by an ogre
             ... wielding a +0 giant club
              (14 damage)
             ... on level 4 of the Dungeon.
             The game lasted 00:01:09 (2423 turns).

qw the Chopper (Gargoyle Cinder Acolyte)            Turns: 2423, Time: 00:01:10

Health: -11/33     AC: 11    Str: 19    XL:     5   Next: 69%
Magic:  6/6        EV: 10    Int: 15    God:    Ignis [****..]
Gold:   204        SH:  0    Dex:  5    Spells: 6/6 levels left

rFire   + + .        Y - +1 war axe
rCold   . . .        (no shield)
rNeg    + + .        g - +1 ring mail {rF+}
rPois   inf          l - +0 helmet
rElec   +            (no cloak)
rCorr   .            (no gloves)
SInv    .            (no boots)
Will    .....        (no amulet) Stlth
                     n - ring of positive energy
HPRegen 0.25/turn    (no ring)
MPRegen 0.10/turn

%: no passive effects
@: about to teleport
A: sickness immunity, AC +4, negative energy resistance 1, electricity
resistance, torment resistance 1, petrification resistance
a: Renounce Religion, Fiery Armour, Foxfire Swarm, Rising Flame


You were on level 4 of the Dungeon.
You worshipped Ignis.
Ignis was greatly pleased with you.
You visited 1 branch of the dungeon, and saw 4 of its levels.

You collected 204 gold pieces.


Innate Abilities, Weirdness & Mutations

You are immune to sickness and miasma.
Your stone body is resilient. (AC +4)
You are immune to poison.
You resist negative energy. (rN+)
You are resistant to electric shocks. (rElec)
You are resistant to unholy torment.
You are immune to petrification.


   Skills:
 + Level 3.7 Fighting
 - Level 5.1 Axes
 - Level 1.0 Throwing
 - Level 1.1 Armour
 - Level 1.0 Spellcasting
 - Level 3.0 Fire Magic


You had 6 spell levels left.
You didn't know any spells.
Your spell library contained the following spells:

 Spells                   Type           Power      Damage    Failure   Level
 Scorch                   Fire           18%        2d5       19%         2

Inventory:

Hand Weapons
 a - a -1 hand axe of flaming
 Y - a +1 war axe (weapon)
Armour
 g - a +1 ring mail of fire resistance (worn)
 l - a +0 helmet (worn)
 r - a +0 pair of boots
Jewellery
 f - an amulet of reflection
 j - a ring of fire
 n - a ring of positive energy (left hand)
Scrolls
 c - a scroll of blinking {unknown}
 e - 4 scrolls of teleportation
 m - 3 scrolls of identify
Potions
 b - a potion of mutation
 d - a potion of lignification {unknown}
 h - a potion of curing {unknown}
 i - a potion of degeneration {unknown}
 k - a potion of heal wounds {unknown}
 o - a potion of attraction {unknown}
 q - a potion of haste {unknown}

Dungeon Overview and Level Annotations

Branches:
Dungeon (4/15)
 Temple: D:4-7

Altars:
Trog

Annotations:
D:3 1 runed translucent door, Crazy Yiuf


Message History

An orc comes into view. It is wielding a +0 hand axe.
Found a scroll of amnesia.
The orc shouts!
You throw a javelin.
The javelin hits the orc and shatters for extra damage!
You kill the orc!
f - an amulet of reflection
m - 2 scrolls of identify (gained 1)
j - a ring of fire You now have 204 gold pieces (gained 5).
There is a stone staircase leading up here.
Found an amulet of reflection.
Found a scroll of vulnerability.
r - a +0 pair of boots You see here an amulet of reflection.
You see here a scroll of vulnerability.
m - 3 scrolls of identify (gained 1)
Found a stone staircase leading up.
Enter note: A hobgoblin and an ogre come into view.
The hobgoblin shouts!
You throw a javelin. The javelin pierces through the ogre!
The ogre is heavily wounded.
You barely miss the ogre.
The ogre is heavily wounded.
The ogre barely misses you.
You hit the ogre.
The ogre is heavily wounded.
The ogre hits you with a +0 giant club. The hobgoblin barely misses you.
You hit the ogre but do no damage.
The ogre is heavily wounded.
You hit the hobgoblin but do no damage. The hobgoblin hits you.
The ogre hits you with a +0 giant club!!
Ouch! That really hurt!
2423 ||| READING 5 scrolls of teleportation.
As you read the scroll of teleportation, it crumbles to dust.
You feel strangely unstable. The hobgoblin barely misses you.
The ogre hits you with a +0 giant club!
You die...

## .# .. .# .#.#####.#
(........# . ......Og.#
#...#####@.# #....<.....#
...#####...#.#
#..#####...#.# ..
...........#.######.......
#.######.........##.......
#...#..............
#..........#.......
##.##..............


You could see an ogre and a hobgoblin.

Vanquished Creatures
  A scorpion (D:3)
  5 adders
  A white imp (D:3)
  5 worms (D:2)
  3 dart slugs
  An orc (D:4)
  7 ball pythons
  2 endoplasms (D:3)
  3 giant cockroaches (D:2)
  5 goblins
  6 hobgoblins
  2 jackals (D:2)
  8 kobolds
  2 quokkas
  A bat (D:2)
  A frilled lizard (D:1)
  8 rats
61 creatures vanquished.

Notes
Turn   | Place    | Note
-------+----------+-------------------------------------------
     0 | D:1      | qw the Gargoyle Cinder Acolyte began the quest for the Orb.
     0 | D:1      | Reached XP level 1. HP: 14/14 MP: 2/2
     0 | D:1      | 0 ||| qw: Version: 0.2-a-95-gc95f03d
     0 | D:1      | 0 ||| qw: Game counter: 2
     0 | D:1      | 0 ||| qw: Always use a shield: true
     0 | D:1      | 0 ||| qw: God list: Okawaru
     0 | D:1      | 0 ||| qw: Allow faded altars: false
     0 | D:1      | 0 ||| qw: Do Orc after D:15 true
     0 | D:1      | 0 ||| qw: Do second Lair branch before Depths: true
     0 | D:1      | 0 ||| qw: Lair rune preference: random
     0 | D:1      | 0 ||| qw: Plans: Normal
     0 | D:1      | 0 ||| PLANNING D:1-11
   134 | D:1      | Reached skill level 3 in Axes
   167 | D:1      | 167 ||| SWAPPING to +0 war axe.
   260 | D:1      | Reached XP level 2. HP: 18/19 MP: 3/3
   389 | D:1      | 389 ||| Stepping ~*~*~tactically~*~*~ (stealth).
   396 | D:1      | 396 ||| Stepping ~*~*~tactically~*~*~ (hiding).
   438 | D:1      | 438 ||| Stepping ~*~*~tactically~*~*~ (stealth).
   439 | D:1      | 439 ||| Stepping ~*~*~tactically~*~*~ (stealth).
   552 | D:1      | 552 ||| INVOKING Fiery Armour.
   652 | D:1      | 652 ||| UPGRADING to +0 ring mail.
   662 | D:1      | 662 ||| DROPPING +0 robe.
   663 | D:1      | 663 ||| UPGRADING to ring of positive energy.
   664 | D:1      | 664 ||| READING 3 scrolls labelled MAUTZUSILU.
   668 | D:1      | 668 ||| READING scroll labelled YKHYCW SOCW.
   669 | D:1      | 669 ||| READING scroll labelled JALETT VEEQU.
   670 | D:1      | 670 ||| READING 3 scrolls labelled AFANGU HIGGOA.
   671 | D:1      | 671 ||| READING scroll labelled SESHAXKELOY.
   672 | D:1      | 672 ||| READING scroll labelled DIDDYJ MIRED.
   673 | D:1      | 673 ||| READING scroll labelled NAOSEE ECYWK.
   674 | D:1      | 674 ||| DROPPING 2 scrolls of butterflies.
   750 | D:2      | Reached XP level 3. HP: 13/23 MP: 4/4
   804 | D:2      | 804 ||| Stepping ~*~*~tactically~*~*~ (hiding).
   852 | D:2      | 852 ||| INVOKING Fiery Armour.
   937 | D:2      | Reached skill level 1 in Throwing
   998 | D:2      | Reached skill level 4 in Axes
  1087 | D:2      | Reached XP level 4. HP: 28/28 MP: 5/5
  1199 | D:2      | Reached skill level 1 in Armour
  1508 | D:3      | 1508 ||| Stepping ~*~*~tactically~*~*~ (stealth).
  1509 | D:3      | 1509 ||| Stepping ~*~*~tactically~*~*~ (stealth).
  1831 | D:3      | 1831 ||| INVOKING Fiery Armour.
  1964 | D:3      | Noticed a scorpion
  1974 | D:3      | Killed a scorpion
  1975 | D:3      | Reached skill level 5 in Axes
  1975 | D:3      | Reached XP level 5. HP: 30/32 MP: 6/6
  2159 | D:3      | 2159 ||| Stepping ~*~*~tactically~*~*~ (hiding).
  2243 | D:3      | Found a runed translucent door.
  2244 | D:3      | Noticed Crazy Yiuf
  2247 | D:3      | 2247 ||| UPGRADING to +1 ring mail of fire resistance.
  2257 | D:3      | 2257 ||| DROPPING +0 ring mail.
  2258 | D:3      | 2258 ||| UPGRADING to +0 helmet.
  2263 | D:3      | 2263 ||| READING scroll labelled WEEPSOU TUGU.
  2264 | D:3      | 2264 ||| DRINKING 3 fizzy red potions.
  2265 | D:3      | 2265 ||| READING 2 scrolls of identify.
  2265 | D:3      | 2265 ||| IDENTIFYING coppery potion
  2266 | D:3      | 2266 ||| DROPPING 2 potions of magic.
  2322 | D:4      | Found a bloodstained altar of Trog.
  2414 | D:4      | Noticed an ogre
  2422 | D:4      | HP: 3/33 [ogre/+0 giant club (25)]
  2423 | D:4      | 2423 ||| READING 5 scrolls of teleportation.
  2423 | D:4      | Mangled by an ogre

Levels and vault maps discovered:
D:1:      psy_arrival_conway, layout_basic
D:2:      layout_basic, serial_forest, infiniplex_forest_lined_room_3,
          infiniplex_forest_lined_room_2, infiniplex_forest_lined_ring,
          infiniplex_forest_clump_curved, infiniplex_forest_zigzag_1,
          infiniplex_forest_clump_small, infiniplex_forest_straight_2
D:3:      layout_loops_cross, uniq_crazy_yiuf_cottage
D:4:      layout_loops_ring, trog_butcher_becter, tgw_kikubaaqudgha,
          lemuel_doored_altar, mainiacjoe_overflow_concentric_impassable,
          grunt_dithmenos_smoke, uniq_pikel, uniq_natasha

Skill      XL: |  1  2  3  4 |
---------------+-------------+-----
Axes           | 3 4 5 |  5.1
Throwing       | 1 |  1.0
Armour         | 1 |  1.1
Fighting       | |  3.7
Spellcasting   | |  1.0
Fire Magic     | |  3.0

Action                     |  1- 3 |  4- 6 || total
---------------------------+-------+-------++-------
  Melee: Hand axe          |    26 |       ||    26
         War axe           |    59 |    68 ||   127
  Throw: Javelin           |    14 |    26 ||    40
 Invoke: Fiery Armour      |     2 |     1 ||     3
    Use: Scroll            |     7 |     3 ||    10
         Potion            |       |     1 ||     1
 Armour: Robe              |    23 |       ||    23
         Ring mail         |    17 |    34 ||    51
  Dodge: Dodged            |    44 |    46 ||    90

Table legend:
 A = Non-vault XP
 B = Vault XP
 C = Vault XP percentage of total XP
 D = Non-vault monster count
 E = Vault monster count
 F = Vault count percentage of total count
                 A         B        C        D         E       F
            +---------+---------+-------+---------+---------+-------
      Total |     269 |       3 |   1.1 |      60 |       1 |   1.6
            +---------+---------+-------+---------+---------+-------
        D:1 |      28 |       0 |   0.0 |      18 |       0 |   0.0
        D:2 |      68 |       0 |   0.0 |      23 |       0 |   0.0
        D:3 |     160 |       0 |   0.0 |      18 |       0 |   0.0
        D:4 |      13 |       3 |  18.8 |       1 |       1 |  50.0
            +---------+---------+-------+---------+---------+-------
